 Dungeon Crawl Stone Soup version 0.28-a0-500-g121bc3e445 (webtiles) character file.

Game seed: 11143741188021824964

157 siradein the Cutter (level 5, -2/32 HPs)
             Began as a Vampire Gladiator on Sept 20, 2021.
             Killed by divine providence
             ... invoked by an orc priest
              (14 damage)
             ... on level 3 of the Dungeon.
             The game lasted 00:16:06 (5097 turns).

siradein the Cutter (Vampire Gladiator)             Turns: 5097, Time: 00:16:07

Health: -2/32      AC:  4    Str:  6 (13) XL:     5   Next: 15%
Magic:  5/5        EV: 11    Int:  4 (11) God:
Gold:   140        SH:  0    Dex:  8 (16) Spells: 4/4 levels left

rFire   . . .      SeeInvis +   a - +0 rapier
rCold   + + .      Faith    .   (no shield)
rNeg    + + +      Spirit   .   b - +0 leather armour
rPois   ∞          Reflect  .   c - +0 helmet
rElec   .          Harm     .   (no cloak)
rCorr   .          Rampage  .   (no gloves)
Will    .....                   (no boots)
Stlth   +++.......              (no amulet)
HPRegen 0.00/turn               (no ring)
MPRegen 0.09/turn               (no ring)

@: bloodless, inhibited regen
A: bloodless, fangs 3, see invisible, vampiric 2
a: Bat Form, Revivify


You were on level 3 of the Dungeon.
You visited 1 branch of the dungeon, and saw 4 of its levels.

You collected 140 gold pieces.

Inventory:

Hand Weapons
 a - a +0 rapier (weapon)
Missiles
 d - 3 throwing nets
 h - 74 stones
 j - 11 poisoned darts (quivered)
Armour
 b - a +0 leather armour (worn)
 c - a +0 helmet (worn)
Scrolls
 f - a scroll of magic mapping {unknown}
 g - a scroll of fear {unknown}
 k - a scroll of noise {unknown}
 l - 4 scrolls of identify {unknown}
 m - a scroll of torment {unknown}
 n - a scroll of teleportation {unknown}
 o - 2 scrolls of fog {unknown}
Potions
 e - 2 potions of heal wounds {unknown}
 i - 2 potions of might {unknown}


   Skills:
 + Level 2.8 Fighting
 + Level 4.3 Short Blades
 + Level 2.6 Throwing
 + Level 4.2 Dodging


You had 4 spell levels left.
You didn't know any spells.
Your spell library contained the following spells:

 Spells                   Type           Power      Damage    Failure   Level
 Corpse Rot               Necr/Air       N/A        N/A       80%         2
 Poisonous Vapours        Pois/Air       0%         N/A       80%         2


Dungeon Overview and Level Annotations

Branches:
Dungeon (4/15)
 Temple: D:4-7

Altars:
Dithmenos
Fedhas
Uskayaw

Shops:
D:3 :


Innate Abilities, Weirdness & Mutations

You do not regenerate when monsters are visible.
You are frail without blood (-20% HP).
You can heal yourself when you bite living creatures.
You are immune to poison.
You have razor-sharp teeth.
You have supernaturally acute eyesight. (SInv)
You are afflicted with vampirism and can become a bat while bloodless.


Message History

The orc priest hits you but does no damage.
The orc wizard hits you with a +0 dagger.
You hit the orc priest.
The orc priest is lightly wounded.
The orc priest barely misses you.
The orc wizard gestures at you while chanting.
You resist with some effort.
You completely miss the orc priest. You bite the orc priest.
You draw the orc priest's blood!
You feel better.
The orc priest is moderately wounded.
The orc priest hits you with a +0 trident.
The orc wizard hits you but does no damage.
You barely miss the orc priest.
The orc priest is moderately wounded.
The orc priest hits you with a +0 trident.
The orc wizard mumbles some strange words.
The orc wizard flickers and vanishes for a moment.
You hit the orc priest.
The orc priest is heavily wounded.
The orc priest hits you but does no damage.
The orc wizard hits you but does no damage.
You hit the orc priest.
The orc priest is almost dead.
The orc priest hits you but does no damage.
You closely miss the orc priest.
The orc priest is almost dead.
The orc wizard hits you with a +0 dagger.
The orc priest hits you with a +0 trident.
You closely miss the orc priest.
The orc priest is almost dead.
The orc wizard casts a spell at you. You resist with some effort.
The orc priest invokes the aid of Beogh against you.
Beogh smites you!
You hit the orc priest but do no damage.
The orc priest is almost dead.
The orc wizard hits you with a +0 dagger.
The orc priest invokes the aid of Beogh against you.
Beogh smites you!
You die...

...........######.......# #......
...........+.........#+## #......
...........########....# #......
...........+..........#####.....#
...........###........#...'.....'
######.....# #........#.###.....#
#.....# #........#.#########
####.....# #.o.o....#.#........
#........# #..@.....'.#........
###........# #........###........
...........###........###........
........###...........#..........
........# #...#########..........
...###### #...# #.......... ...#
#...# ###..........
...########...#### #............
...+......'...'..# #.###........


You could see an orc priest and an orc wizard (invisible).

Vanquished Creatures
  Terence (D:2)
  5 adders
  A shadow imp (D:3)
  2 dart slugs (D:1)
  3 orcs (D:3)
  4 bats
  6 endoplasms
  3 giant cockroaches
  3 goblins
  8 hobgoblins
  6 jackals (D:3)
  3 quokkas
  6 ball pythons
  2 frilled lizards (D:1)
  6 kobolds
  9 rats
68 creatures vanquished.

Vanquished Creatures (others)
  An orc (D:4)
1 creature vanquished.

Grand Total: 69 creatures vanquished

Notes
Turn   | Place    | Note
-------+----------+-------------------------------------------
     0 | D:1      | siradein the Vampire Gladiator began the quest for the Orb.
     0 | D:1      | Reached XP level 1. HP: 16/16 MP: 1/1
   122 | D:1      | Reached XP level 2. HP: 11/17 MP: 2/2
  1013 | D:1      | Gained mutation: You are afflicted with vampirism and can
                  | become a bat while bloodless. [Vampire growth]
  1013 | D:1      | Reached XP level 3. HP: 21/21 MP: 3/3
  1420 | D:2      | Found a faded altar of an unknown god.
  1663 | D:2      | Reached XP level 4. HP: 26/27 MP: 4/4
  1761 | D:2      | Noticed Terence
  3120 | D:2      | Killed Terence
  3423 | D:3      | Found Ocoskam's Book Boutique.
  3866 | D:3      | Reached XP level 5. HP: 23/31 MP: 5/5
  4770 | D:4      | Found a hide-covered altar of Uskayaw.
  4771 | D:4      | Found a shadowy altar of Dithmenos.
  4774 | D:4      | Found a blossoming altar of Fedhas.
  5097 | D:3      | Killed from afar by an orc priest

Illustrated notes

Levels and vault maps discovered:
D:1:      sevenhm_arrival_forest_fort_small_4, layout_rooms
D:2:      layout_basic, basic_ecumenical_altar, uniq_terence
D:3:      layout_basic, serial_shops, shop, ebering_dispersal_statue_hall
D:4:      layout_layer_cave, minitemple

Skill      XL: |  1  2  3  4 |
---------------+-------------+-----
Fighting       | 2 |  2.8
Throwing       | 2 |  2.6
Short Blades   | 4 |  4.3
Dodging        | 4 |  4.2

Action                   |  1- 3 |  4- 6 || total
-------------------------+-------+-------++-------
Melee: Rapier            |   122 |   127 ||   249
       Bite              |     8 |     5 ||    13
Throw: Dart              |       |    10 ||    10
       Stone             |       |     2 ||     2
 Abil: Exsanguinate      |     1 |       ||     1
       End Transformatio |       |     4 ||     4
       Bat Form          |       |     4 ||     4
 Stab: Sleeping          |     9 |     5 ||    14
Armor: Leather armour    |    36 |    37 ||    73
Dodge: Dodged            |    97 |    96 ||   193

Table legend: (Time is in decaauts)
 A = Elapsed time spent in this place.
 B = Non-inter-level travel time spent in this place.
 C = Inter-level travel time spent in this place.
 D = Time resting spent in this place.
 E = Time spent auto-exploring this place.
 F = Levels seen in this place.
 G = Mean time per level.
                   A        B        C        D        E       F      G
               +--------+--------+--------+--------+--------+-----+--------+
         Total |   5042 |   5031 |     11 |    967 |   2961 |   4 | 1260.5 |
       Dungeon |   5042 |   5031 |     11 |    967 |   2961 |   4 | 1260.5 |
               +--------+--------+--------+--------+--------+-----+--------+

Top non-repeatable levels by time:
     D:2: 2156 daAuts
     D:3: 1404 daAuts
     D:1: 1154 daAuts
     D:4: 326 daAuts
